 Dungeon Crawl Stone Soup version 0.20.0-7-g3b7b877 (webtiles) character file.

26647 Chiseanne the Demolition Demonspawn (level 13, -17/105 HPs)
             Began as a Demonspawn Wizard on May 29, 2017.
             Was an Elder of Makhleb.
             Hit by a large rock thrown by a cyclops (42 damage)
             ... on level 13 of the Dungeon.
             The game lasted 01:08:04 (22745 turns).

Chiseanne the Demolition Demonspawn (DsWz)         Turns: 22745, Time: 01:08:05

Health: -17/105    AC: 19    Str:  9    XL:     13   Next: 0%
Magic:  16/24      EV: 17    Int: 24    God:    Makhleb [****..]
Gold:   742        SH:  0    Dex: 13    Spells: 18/27 levels left

rFire    . . .     SeeInvis .   a - +1 flail (protect)
rCold    + . .     Gourm    .   (no shield)
rNeg     . . .     Faith    .   B - +3 leather armour {rC+}
rPois    +         Spirit   .   I - +1 helmet
rElec    .         Reflect  .   u - +0 cloak
rCorr    .         Harm     .   s - +0 pair of gloves
MR       .....                  P - +0 pair of boots
Stlth    ++........             (no amulet)
Regen    0.3/turn               v - ring of poison resistance
MPRegen  0.2/turn               e - +2 ring of dexterity

@: corroded, protection aura, very slightly contaminated
A: hooves 2, iridescent scales 2, powered by death 2, spiny 2
a: Minor Destruction, Lesser Servant of Makhleb, Major Destruction, Renounce
Religion


You were on level 13 of the Dungeon.
You worshipped Makhleb.
Makhleb was greatly pleased with you.
You were hungry.

You visited 2 branches of the dungeon, and saw 15 of its levels.
You also visited: Sewer.

You collected 1013 gold pieces.
You spent 271 gold pieces at shops.

Inventory:

Hand Weapons
 a - a +1 flail of protection (weapon)
 d - a +1 hand axe of freezing
 q - a +4 battleaxe of freezing
 w - a +0 blowgun
 E - a +0 war axe
 T - the cursed +2 triple crossbow of Pyromania {elec, rElec rF- MR+ Dex+3}
   (You found it on level 9 of the Dungeon)

   It charges the ammunition it shoots with electricity; occasionally upon a
   hit, such missiles may discharge and cause terrible harm.
   It affects your dexterity (+3).
   It makes you vulnerable to fire.
   It insulates you from electricity.
   It affects your resistance to hostile enchantments.
   It has a curse placed upon it.
Missiles
 b - 7 javelins
 c - 70 poisoned needles
 i - 156 arrows
 l - 23 tomahawks
 m - 20 sling bullets
 o - 6 curare-tipped needles
 y - 2 throwing nets (quivered) {Q*}
 S - 64 bolts
 V - 3 tomahawks of dispersal
 X - 6 needles of sleeping
Armour
 s - a +0 pair of gloves (worn)
 u - a +0 cloak (worn)
 B - a +3 leather armour of cold resistance (worn)
 C - a +0 shield
 I - a +1 helmet (worn)
 O - a +0 troll leather armour
 P - a +0 pair of boots (worn)
Jewellery
 e - a +2 ring of dexterity (right hand)
 t - an uncursed ring of protection from magic
 v - a ring of poison resistance (left hand)
 L - an uncursed ring of ice
Wands
 z - a wand of lightning (0/15)
Scrolls
 p - 3 scrolls of immolation
 R - 7 scrolls of amnesia
 U - 4 scrolls of identify
 Y - a scroll of remove curse
Potions
 g - 5 potions of brilliance
 j - 2 potions of flight
 k - 8 potions of curing
 n - a potion of berserk rage
 A - a potion of invisibility
 D - 2 potions of cancellation
 G - a potion of ambrosia
 H - 3 potions of might
 K - 2 potions of heal wounds
 M - 2 potions of lignification
 N - a potion of haste
Comestibles
 h - 14 meat rations
 r - 24 royal jellies
 F - 6 bread rations
 J - 8 fruits


   Skills:
 * Level 10.8 Fighting
 * Level 6.7 Axes
 - Level 5.1 Armour
 * Level 10.1 Dodging
 - Level 1.7 Stealth
 - Level 4.1 Shields
 - Level 7.6 Spellcasting
 - Level 4.3 Conjurations
   Level 1.0 Summonings
 - Level 0.8 Translocations
 * Level 11.2 Invocations


You had 18 spell levels left.
You knew the following spells:

 Your Spells              Type           Power        Failure   Level  Hunger
a - Magic Dart            Conj           ####         1%          1    None
b - Blink                 Tloc           N/A          10%         2    None
c - Conjure Flame         Conj/Fire      ###.....     11%         3    None
d - Mephitic Cloud        Conj/Pois/Air  ###.....     14%         3    None


Dungeon Overview and Level Annotations

Branches:
Dungeon (14/15)            Temple (1/1) D:6            Lair (0/6) D:10
    Orc (0/2) D:9
 Vaults: D:13-14

Altars:
Ashenzari
Cheibriados
Dithmenos
Elyvilon
Fedhas
Gozag
Hepliaklqana
Kikubaaqudgha
Makhleb
Nemelex Xobeh
Okawaru
Qazlal
Ru
Sif Muna
Trog
Uskayaw
Vehumet
Xom
Yredelemnul
Zin
The Shining One

Shops:
D:4 :   D:6 ?   D:8 ?   D:9 !


Innate Abilities, Weirdness & Mutations

You have hoof-like feet.
You are mostly covered in iridescent scales. (AC +4)
You regenerate health from kills.
You are mostly covered in sharp spines.


Message History

* * * LOW HITPOINT WARNING * * *
The two-headed ogre misses you.
You hit the two-headed ogre.
The two-headed ogre is almost dead.
The acid dragon spits acid at you. The splash of acid hits you!
* * * LOW HITPOINT WARNING * * *
The acid corrodes you!
You are splashed with acid!
The acid burns!
* * * LOW HITPOINT WARNING * * *
The two-headed ogre hits you with a giant club!
* * * LOW HITPOINT WARNING * * *
The two-headed ogre misses you.
You hear a shout!
You feel much better.
The acid dragon is struck by your spines.
The acid dragon completely misses you. The acid dragon closely misses you.
Casting: Magic Dart
Confirm with . or Enter, or press ? or * to list all spells.
You blink.
The cyclops throws a large rock.
The large rock hits you!!!
You die...

# #.########## #
#.#.##### #
#.......# #
.......###.# #
........# #C#
##.###### #.# #### #
#.# #... #.# #.## #
#@#############.#
###
#....O.D........##
.o#
###########.......
#D# #.###### #.# #.#
#.# # #u# #.####
#### #.# ## #.#
#.##.. ..#
######.#####. #.#
#.##.#
#.######....(......(
#.# #.##.#
#.##....u..##.#####.


You could see a two-headed ogre, a cyclops and an acid dragon.

Vanquished Creatures
  An ogre mage (D:11)
  3 hydras
  The ghost of Jannitor the Slicer, a journeyman KoBe of Trog (D:11)
  A centaur warrior (D:14)
  6 two-headed ogres
  The ghost of Darkell the Thaumaturge, a novice DEIE of Vehumet (D:9)
  An unseen horror (D:12)
  A shadow wraith (D:13)
  2 ugly things
  A wolf spider zombie (D:12)
  A deep elf mage (D:13)
  A wolf spider (D:13)
  4 cyclopes
  A gargoyle (D:11)
  An elephant (D:10)
  A komodo dragon (D:11)
  A queen bee (D:11)
  2 trolls
  A hornet (D:8)
  Grinder (D:3)
  Prince Ribbit (D:7)
  4 hippogriffs
  A shadow (D:11)
  2 wraiths
  Sigmund (D:3)
  Eustachio (D:4)
  A basilisk (D:10)
  A steam dragon (D:10)
  2 soldier ants (D:8)
  2 water moccasins
  An acid dragon (D:11)
  8 orc warriors
  2 ice beasts (D:9)
  2 black bears (D:9)
  2 eyes of draining
  6 sky beasts
  2 phantoms
  11 ogres
  9 centaurs
  2 crocodiles
  3 big kobolds
  9 bullfrogs
  A gnoll sergeant (D:3)
  2 wyvern zombies (D:13)
  7 scorpions
  A wyvern skeleton (D:8)
  13 wights
  6 jellies
  34 killer bees
  6 howler monkeys
  3 electric eels (D:10)
  6 crimson imps
  4 centaur zombies
  2 bullfrog zombies
  6 hounds
  4 centaur skeletons
  5 orc priests
  6 gnoll shamans
  2 bullfrog skeletons
  4 iguanas
  11 orc wizards
  16 worker ants
  A killer bee zombie (D:8)
  2 hound skeletons
  A howler monkey zombie (D:8)
  33 gnolls
  17 adders
  2 shadow imps
  An ooze (D:2)
  An adder skeleton (D:4)
  3 worms (D:2)
  3 dart slugs
  14 leopard geckos
  73 orcs
  5 ball pythons
  7 giant cockroaches
  6 goblins
  7 hobgoblins
  28 jackals
  6 quokkas
  7 bats
  11 frilled lizards
  30 kobolds
  A leopard gecko skeleton (D:4)
  2 quokka skeletons
  10 rats
515 creatures vanquished.

Vanquished Creatures (collateral kills)
  An unseen horror (D:12)
  2 gargoyles (D:12)
  3 killer bees (D:11)
6 creatures vanquished.

Vanquished Creatures (others)
  4 gnolls (D:3)
  A leopard gecko (D:10)
  A hobgoblin (D:3)
  A frilled lizard (D:3)
  A plant (D:14)
8 creatures vanquished.

Grand Total: 529 creatures vanquished

Notes
Turn   | Place    | Note
-------+----------+-------------------------------------------
     0 | D:1      | Chiseanne the Demonspawn Wizard began the quest for the Orb.
     0 | D:1      | Reached XP level 1. HP: 13/13 MP: 4/4
   480 | D:1      | Gained mutation: You are partially covered in sharp spines. [demonic ancestry]
   480 | D:1      | Reached XP level 2. HP: 10/19 MP: 0/6
   888 | D:2      | Learned a level 2 spell: Blink
  1270 | D:2      | Reached XP level 3. HP: 24/24 MP: 5/8
  1373 | D:2      | Learned a level 3 spell: Conjure Flame
  1377 | D:2      | Learned a level 3 spell: Mephitic Cloud
  1827 | D:2      | Gained mutation: You are mostly covered in sharp spines. [demonic ancestry]
  1827 | D:2      | Reached XP level 4. HP: 30/30 MP: 0/9
  2250 | D:3      | Found a shattered altar of Ashenzari.
  2503 | D:3      | Noticed Sigmund
  2514 | D:3      | Killed Sigmund
  2514 | D:3      | Reached XP level 5. HP: 35/35 MP: 0/12
  2580 | D:3      | Gained mutation: You regenerate a little health from kills. [demonic ancestry]
  2580 | D:3      | Reached XP level 6. HP: 41/41 MP: 2/13
  2739 | D:3      | Reached skill level 5 in Spellcasting
  3097 | D:3      | Reached skill level 1 in Fighting
  4370 | D:2      | Gained mutation: You have large cloven feet. [demonic ancestry]
  4370 | D:2      | Reached XP level 7. HP: 50/50 MP: 12/15
  4655 | D:3      | Noticed Grinder
  4682 | D:3      | Paralysed by Grinder for 3 turns
  4875 | D:3      | Killed Grinder
  4875 | D:3      | Reached skill level 1 in Armour
  5175 | D:3      | Found a sparkling altar of Nemelex Xobeh.
  5840 | D:3      | Gained mutation: You have hoof-like feet. [demonic ancestry]
  5840 | D:3      | Reached XP level 8. HP: 45/58 MP: 3/17
  6212 | D:4      | Noticed Eustachio
  6343 | D:4      | Killed Eustachio
  6554 | D:4      | Found an iron altar of Okawaru.
  6630 | D:4      | Found Pastudy's Book Shoppe.
  7346 | D:5      | Entered Level 5 of the Dungeon
  7809 | D:5      | Found a deep blue altar of Sif Muna.
  7965 | D:5      | Found a glowing silver altar of Zin.
  7975 | D:5      | Found a glowing drain.
  7985 | Sewer    | Entered a sewer
  8302 | Sewer    | Reached skill level 5 in Fighting
  8302 | Sewer    | Reached XP level 9. HP: 55/68 MP: 7/19
  8593 | D:5      | Found a shimmering altar of Xom.
  8702 | D:5      | Reached skill level 5 in Dodging
  8856 | D:6      | Found a staircase to the Ecumenical Temple.
  8867 | Temple   | Entered the Ecumenical Temple
  9344 | D:6      | Found Litt's Magic Scroll Shop.
  9347 | D:6      | Bought a scroll of identify for 22 gold pieces
  9347 | D:6      | Bought a scroll of identify for 22 gold pieces
  9347 | D:6      | Bought a scroll of identify for 22 gold pieces
  9347 | D:6      | Bought a scroll of identify for 22 gold pieces
  9347 | D:6      | Bought a scroll of identify for 22 gold pieces
  9356 | D:6      | Bought a scroll of remove curse for 33 gold pieces
  9723 | D:7      | Found a glowing golden altar of the Shining One.
 10262 | D:7      | Noticed Prince Ribbit
 10288 | D:7      | Killed Prince Ribbit
 10469 | D:7      | Found a snail-covered altar of Cheibriados.
 10472 | D:7      | Found a bloodstained altar of Trog.
 10475 | D:7      | Found an ancient bone altar of Kikubaaqudgha.
 10704 | D:7      | Reached skill level 5 in Armour
 11170 | D:8      | Found a burning altar of Makhleb.
 11173 | D:8      | Became a worshipper of Makhleb the Destroyer
 11364 | D:8      | Reached skill level 1 in Invocations
 11420 | D:8      | Reached skill level 1 in Shields
 11628 | D:8      | Found a sacrificial altar of Ru.
 11658 | D:8      | Reached skill level 2 in Invocations
 11759 | D:8      | Gained mutation: You are partially covered in iridescent scales. (AC +2) [demonic ancestry]
 11759 | D:8      | Reached XP level 10. HP: 68/77 MP: 5/21
 11990 | D:8      | Found Kuawuzxym's Magic Scroll Shoppe.
 11998 | D:8      | Bought a scroll of identify for 20 gold pieces
 11998 | D:8      | Bought 2 scrolls of identify for 40 gold pieces
 11998 | D:8      | Bought a scroll of amnesia for 35 gold pieces
 11998 | D:8      | Bought a scroll of identify for 20 gold pieces
 12338 | D:8      | Reached skill level 3 in Invocations
 13236 | D:8      | Reached skill level 4 in Invocations
 13274 | D:8      | Reached * piety under Makhleb
 13568 | D:9      | Found a staircase to the Orcish Mines.
 13900 | D:9      | Reached ** piety under Makhleb
 13926 | D:9      | Noticed Darkell's ghost (novice DEIE)
 13960 | D:9      | Killed Darkell's ghost
 14500 | D:9      | Reached skill level 5 in Invocations
 14719 | D:9      | Got a translucent triple crossbow
 14720 | D:9      | Identified the cursed +2 triple crossbow of Pyromania {elec, rElec rF- MR+ Dex+3} (You found it on level 9 of the Dungeon)
 14884 | D:9      | Found Popliaf's Distillery.
 14892 | D:9      | Bought a potion of degeneration for 13 gold pieces
 15180 | D:9      | Reached skill level 6 in Invocations
 15590 | D:9      | Noticed a two-headed ogre
 15695 | D:9      | Killed a two-headed ogre
 15695 | D:9      | Reached skill level 1 in Axes
 15695 | D:9      | Gained mutation: You are mostly covered in iridescent scales. (AC +4) [demonic ancestry]
 15695 | D:9      | Reached XP level 11. HP: 86/86 MP: 5/22
 16044 | D:10     | Entered Level 10 of the Dungeon
 16119 | D:10     | Noticed a two-headed ogre
 16166 | D:9      | Killed a two-headed ogre
 16818 | D:10     | Reached *** piety under Makhleb
 16828 | D:10     | Reached skill level 7 in Invocations
 17031 | D:10     | Found a staircase to the Lair.
 18413 | D:11     | Noticed Jannitor's ghost (journeyman KoBe)
 18456 | D:11     | Killed Jannitor's ghost
 18803 | D:11     | Reached skill level 8 in Invocations
 19219 | D:11     | Reached **** piety under Makhleb
 19296 | D:11     | Noticed an ogre mage
 19296 | D:11     | Noticed a two-headed ogre
 19296 | D:11     | Noticed a two-headed ogre
 19296 | D:11     | Noticed a two-headed ogre
 19304 | D:11     | Killed an ogre mage
 19310 | D:11     | Killed a two-headed ogre
 19310 | D:11     | Reached skill level 9 in Invocations
 19310 | D:11     | Killed a two-headed ogre
 19312 | D:11     | Killed a two-headed ogre
 19312 | D:11     | Reached XP level 12. HP: 96/96 MP: 7/23
 20038 | D:11     | Noticed a four-headed hydra
 20052 | D:11     | Killed a four-headed hydra
 20369 | D:12     | Reached skill level 5 in Axes
 20961 | D:12     | Found a sacrificial altar of Ru.
 21230 | D:12     | Reached skill level 10 in Fighting
 21276 | D:12     | Reached skill level 10 in Invocations
 21407 | D:12     | Noticed a two-headed ogre
 21412 | D:12     | Killed a two-headed ogre
 21899 | D:13     | Noticed a five-headed hydra
 21917 | D:12     | Killed a five-headed hydra
 22226 | D:13     | Noticed an eight-headed hydra
 22236 | D:13     | Killed an eight-headed hydra
 22373 | D:13     | Reached skill level 10 in Dodging
 22375 | D:13     | Reached skill level 11 in Invocations
 22620 | D:14     | Noticed a centaur warrior
 22631 | D:14     | Killed a centaur warrior
 22658 | D:13     | Noticed a two-headed ogre
 22658 | D:13     | Noticed a tengu warrior
 22658 | D:13     | Noticed a centaur warrior
 22723 | D:13     | Gained mutation: You regenerate health from kills. [demonic ancestry]
 22723 | D:13     | Reached XP level 13. HP: 48/105 MP: 21/24
 22743 | D:13     | HP: 2/105 [two-headed ogre/giant club (15)]
 22745 | D:13     | Hit by a large rock thrown by a cyclops

Skill      XL: |  1  2  3  4  5  6  7  8  9 10 11 12 |
---------------+-------------------------------------+-----
Conjurations   | 2 4 |  4.3
Spellcasting   | 4 5 6 7 |  7.6
Dodging        | 2 3 4 6 7 9 10 | 10.1
Fighting       | 2 3 5 6 8 9 10 | 10.8
Armour         | 2 3 5 |  5.1
Invocations    | 2 6 9 11 | 11.2
Shields        | 1 4 |  4.1
Axes           | 1 4 6 |  6.7
Stealth        | |  1.7
Summonings     | |  1.0
Translocations | |  0.8

Action                   |  1- 3 |  4- 6 |  7- 9 | 10-12 | 13-15 || total
-------------------------+-------+-------+-------+-------+-------++-------
Melee: Short sword       |    15 |    22 |    63 |    87 |       ||   187
       Unarmed           |     1 |       |       |       |       ||     1
       Kick              |       |       |     7 |       |       ||     7
       Halberd           |       |       |     6 |       |       ||     6
       War axe           |       |       |     1 |       |       ||     1
       Flail             |       |       |       |   340 |     5 ||   345
 Fire: Blowgun           |       |       |    36 |   155 |       ||   191
Throw: Stone             |       |     1 |       |       |       ||     1
       Tomahawk          |       |     3 |     3 |       |       ||     6
       Throwing net      |       |       |       |     4 |       ||     4
 Cast: Magic Dart        |    82 |   192 |   522 |   505 |     5 ||  1306
       Mephitic Cloud    |     2 |     3 |    23 |    54 |       ||    82
       Conjure Flame     |     1 |     2 |    19 |    33 |       ||    55
       Blink             |     1 |     1 |    12 |    16 |     2 ||    32
Invok: Lesser Servant of |       |       |       |    10 |       ||    10
Evoke: Wand              |       |       |     2 |    18 |       ||    20
  Use: Scroll            |     4 |     5 |    13 |    19 |       ||    41
       Potion            |       |       |       |     3 |     1 ||     4
 Stab: Confused          |       |       |     1 |     7 |       ||     8
       Sleeping          |       |       |       |     1 |       ||     1
       Held in net/web   |       |       |       |     1 |       ||     1
  Eat: Chunk             |     3 |     7 |    24 |    31 |       ||    65
       Fruit             |       |       |       |     3 |       ||     3
Armor: Robe              |     6 |     9 |     1 |       |       ||    16
       Leather armour    |       |       |    33 |   207 |       ||   240
Dodge: Dodged            |    35 |    31 |    97 |   438 |     9 ||   610
